 Dungeon Crawl Stone Soup version 0.24.0-125-gc4c63601f3 (webtiles) character file.

Game seed: 14134457501519425035, levelgen mode: deterministic

30 Descartes the Skirmisher (level 3, 0/20 HPs)
             Began as a Felid Wanderer on Mar 6, 2020.
             Slain by a gnoll (7 damage)
             ... on level 1 of the Dungeon.
             The game lasted 00:02:21 (903 turns).

Descartes the Skirmisher (Felid Wanderer)            Turns: 903, Time: 00:02:21

Health: 0/20       AC:  1    Str:  9    XL:     3   Next: 3%
Magic:  4/4        EV: 16    Int: 12    God:
Gold:   36         SH:  0    Dex: 16    Spells: 2/2 levels left
                                        Lives:  0   Deaths: 0

rFire    . . .     SeeInvis +     - Unarmed
rCold    . . .     Gourm    .   (shield unavailable)
rNeg     . . .     Faith    .   (armour unavailable)
rPois    .         Spirit   .   (helmet unavailable)
rElec    .         Reflect  .   (cloak unavailable)
rCorr    .         Harm     .   (gloves unavailable)
MR       .....                  (boots unavailable)
Stlth    +++.......             (no amulet)
HPRegen  0.06/turn              (no ring)
MPRegen  0.09/turn              (no ring)

@: quick
A: very small, no armour, no weapons or thrown items, stealth, claws 1, fangs 3,
see invisible, carnivore, speed 1, shaggy fur 1, slow metabolism 1, sharp paws
a: no special abilities


You were on level 1 of the Dungeon.
You were completely stuffed.

You visited 1 branch of the dungeon, and saw 1 of its levels.

You collected 36 gold pieces.

Inventory:

Missiles
 h - 7 stones
Jewellery
 g - an uncursed amulet of rage {unknown}
Scrolls
 b - a scroll of blinking
 f - a scroll of teleportation {unknown}
 j - a scroll of identify {unknown}
 k - a scroll of remove curse {unknown}
Potions
 a - a potion of heal wounds
 c - 2 potions of lignification
 e - 2 potions of haste {unknown}
 l - a potion of might {unknown}
Comestibles
 d - 2 rations
 i - 7 chunks of flesh


   Skills:
 + Level 6.1 Fighting
 + Level 1.3 Dodging
 + Level 3.2 Stealth
 * Level 2.7 Unarmed Combat


You had 2 spell levels left.
You didn't know any spells.
Your spell library was empty.

Dungeon Overview and Level Annotations

Branches:
Dungeon (1/15)

Altars:


Innate Abilities, Weirdness & Mutations

You cannot wear armour.
You are incapable of wielding weapons or throwing items.
Your paws allow you to move quietly. (Stealth)
You have sharp claws.
You have razor-sharp teeth.
You have supernaturally acute eyesight. (SInv)
You are carnivorous and can eat meat at any time.
You cover ground quickly.
You are covered in fur. (AC +1)
You have a slow metabolism.
Your sharp claws are effective at attacking unaware monsters.


Message History

The leopard gecko is severely wounded.
The leopard gecko bites you.
You scratch the leopard gecko.
You kill the leopard gecko!
You have reached level 3!
Your experience leads to an increase in your attributes!
Increase (S)trength, (I)ntelligence, or (D)exterity?
You feel stronger.
You scratch the frilled lizard.
The frilled lizard is heavily wounded.
The frilled lizard bites you.
You scratch the frilled lizard.
You kill the frilled lizard!
You scratch the gnoll.
The gnoll is lightly wounded.
The gnoll hits you.
You scratch the gnoll.
The gnoll is moderately wounded.
The gnoll hits you!
You die...

#... #.##.........#.## #..
#.##.........#.## #####..
#.##.........#.## #......
#.##......รท..#... #.....#
#.######+###..... ###.....#
#.######.###...#. ........#
#....).......#...
........#############.####.#.
.$[%....'..g@................
........##############.###.##
........# #......##.##
........# #......##.##
........# #.......#.##
######### #.....#.#.##
#.....#...# #.....##..#
.......##.>#


You could see a gnoll.

Vanquished Creatures
  3 dart slugs (D:1)
  A leopard gecko (D:1)
  3 bats (D:1)
  2 giant cockroaches (D:1)
  2 goblins (D:1)
  A hobgoblin (D:1)
  2 jackals (D:1)
  3 frilled lizards (D:1)
  3 kobolds (D:1)
  2 rats (D:1)
  A toadstool (D:1)
23 creatures vanquished.

Vanquished Creatures (others)
  3 toadstools (D:1)
3 creatures vanquished.

Grand Total: 26 creatures vanquished

Notes
Turn   | Place    | Note
-------+----------+-------------------------------------------
     0 | D:1      | Descartes the Felid Wanderer began the quest for the Orb.
     0 | D:1      | Descartes set off with the following items: a potion of
                  | heal wounds, a scroll of blinking, 2 potions of
                  | lignification, a ration
     0 | D:1      | Reached XP level 1. HP: 13/13 MP: 2/2
   296 | D:1      | Reached XP level 2. HP: 12/16 MP: 3/3
   512 | D:1      | Reached skill level 1 in Dodging
   899 | D:1      | Reached XP level 3. HP: 11/20 MP: 4/4
   903 | D:1      | Slain by a gnoll

Levels and vault maps discovered:
D:1:      ldierk_water_garden, layout_basic

Skill      XL: |  1  2 |
---------------+-------+-----
Stealth        | 3 |  3.2
Dodging        | 1 |  1.3
Fighting       | |  6.1
Unarmed Combat | |  2.7

Action                   || total
-------------------------++-------
Melee: Unarmed           ||    77
       Bite              ||     7
 Stab: Sleeping          ||     4
  Eat: Chunk             ||     7
Armor: Skin              ||     6
Dodge: Dodged            ||    52
